 Dungeon Crawl Stone Soup version 0.27.1-33-g824d729ab1 (webtiles) character file.

Game seed: 17239451516134745704

594 Grabarz the Cudgeller (level 7, -3/56 HPs)
             Began as a Barachi Fighter on Dec 8, 2021.
             Was a Follower of Cheibriados.
             Slain by a kobold brigand (12 damage)
             ... on level 3 of the Dungeon.
             The game lasted 00:30:15 (5072 turns).

Grabarz the Cudgeller (Barachi Fighter)             Turns: 5072, Time: 00:30:15

Health: -3/56      AC:  8    Str: 22    XL:     7   Next: 39%
Magic:  7/7        EV:  7    Int: 10    God:    Cheibriados [*.....]
Gold:   175        SH: 10    Dex: 13    Spells: 6/6 levels left

rFire    . . .     SeeInvis .   g - +1 whip (elec)
rCold    . . .     Faith    .   c - +0 kite shield
rNeg     . . .     Spirit   .   b - +0 scale mail
rPois    .         Reflect  .   (no helmet)
rElec    .         Harm     .   (no cloak)
rCorr    .         Rampage  .   (no gloves)
Will     .....                  j - +0 pair of boots
Stlth    ..........             (no amulet)
HPRegen  0.18/turn              (no ring)
MPRegen  0.10/turn              (no ring)

@: unable to hop, very slow
A: amphibious, slowness 1, strong legs 1, +LOS
a: Hop, Renounce Religion, Bend Time


You were on level 3 of the Dungeon.
You worshipped Cheibriados.
Cheibriados was aware of your devotion.
You visited 1 branch of the dungeon, and saw 4 of its levels.

You collected 175 gold pieces.

Inventory:

Hand Weapons
 g - a +1 whip of electrocution (weapon)
Armour
 b - a +0 scale mail (worn)
 c - a +0 kite shield (worn)
 j - a +0 pair of boots (worn)
Scrolls
 a - a scroll of blinking
 e - 2 scrolls of teleportation
 i - a scroll of identify
 k - a scroll of enchant armour
Potions
 d - a potion of might
 f - a potion of ambrosia


   Skills:
 + Level 5.5 Fighting
 * Level 5.6 Maces & Flails
 + Level 5.5 Armour
 + Level 5.0 Shields


You had 6 spell levels left.
You didn't know any spells.
Your spell library contained the following spells:

 Spells                   Type           Power      Damage    Failure   Level
 Sting                    Tmut/Pois      0%         1d3       98%         1
 Poisonous Vapours        Pois/Air       0%         N/A       99%         2
 Conjure Flame            Conj/Fire      0%         6-21      100%        3
 Ignite Poison            Fire/Tmut/Pois 0%         N/A       100%        3
 Olgreb's Toxic Radiance  Pois           0%         N/A       100%        4
 Sticky Flame             Conj/Fire      0%         2d3       100%        4


Dungeon Overview and Level Annotations

Branches:
Dungeon (4/15)
 Temple: D:4-7

Altars:
Cheibriados
Gozag

Portals:
Abyss: D:3


Innate Abilities, Weirdness & Mutations

You are amphibious.
You cover ground slowly.
You can hop short distances.
You have an extended range of vision and can be seen from far away.


Message History

Stajl's ghost is almost destroyed.
Stajl's ghost hits you but does no damage.
You whack Stajl's ghost!
You destroy Stajl's ghost!
Cheibriados thoroughly appreciates the change of pace.
Cheibriados is now slowing the effects of poison on you.
Cheibriados raises the support of your attributes as your movement slows.
Your Shields skill increases to level 5!
Okay, then.
You start resting.
A kobold brigand is nearby!
The kobold brigand shouts!
The kobold brigand enters a dispersal trap!
You blink.
You hit the kobold brigand.
The kobold brigand is lightly wounded.
The kobold brigand hits you with a +2 short sword of distortion.
You hit the kobold brigand but do no damage.
The kobold brigand is lightly wounded.
The kobold brigand hits you but does no damage.
Space warps horribly around you!
You hit the kobold brigand.
Lightning courses through the kobold brigand!
The kobold brigand is heavily wounded.
The kobold brigand hits you with a +2 short sword of distortion.
Space bends around you.
You hit the kobold brigand but do no damage.
The kobold brigand is heavily wounded.
The kobold brigand hits you with a +2 short sword of distortion.
* * * LOW HITPOINT WARNING * * *
You blink.
Hop to where?
Press: ? - help, Q - select action, (/) - cycle Dir - move target Boing!
The kobold brigand enters a dispersal trap!
You blink.
The kobold brigand blinks!
The kobold brigand hits you with a +2 short sword of distortion!
* * * LOW HITPOINT WARNING * * *
Space warps horribly around you!
You die...

#.####.####.###....#......##
#.##........).#.##..........
#.#..###..###........##.....
#.#.##.#♣##)##.###..........
#...#...###..###^#..#####...
#...#.##..###...©#.......#..
#..##...........##..####....
#.##...##♣.#K.#.#...# ####.
#.###!.#.##@#..##...# #..
#..##x♣#..#©^.♣#...#######..
##..###..##...#©...##......#
##......#.#^.♣...###......#
##.....##.#..##♣.###....[<.
#..#####....#..♣........))#
#.##.##..###.#.##..........
#.#K..∩#.#.##.#.#©.)##.....
#.####..##..##.##....#.###.


You could see a kobold brigand.

Vanquished Creatures
  The ghost of Stajl the Ruffian, an amateur TrFi (D:3)
  A kobold brigand (D:3)
  A bullfrog (D:4)
  A small abomination (D:3)
  A scorpion (D:3)
  An orc priest (D:2)
  A hound (D:2)
  A hound skeleton (D:2)
  3 adders
  A shadow imp (D:3)
  3 worms
  A dart slug (D:4)
  5 orcs
  6 ball pythons
  7 endoplasms
  3 giant cockroaches
  7 goblins
  4 hobgoblins
  11 jackals
  2 kobolds
  3 bats
  2 frilled lizards (D:2)
  5 rats
71 creatures vanquished.

Vanquished Creatures (others)
  A plant (D:3)
1 creature vanquished.

Grand Total: 72 creatures vanquished

Notes
Turn   | Place    | Note
-------+----------+-------------------------------------------
     0 | D:1      | Grabarz the Barachi Fighter began the quest for the Orb.
     0 | D:1      | Reached XP level 1. HP: 18/18 MP: 1/1
   202 | D:1      | Reached XP level 2. HP: 25/25 MP: 2/2
   989 | D:2      | Reached XP level 3. HP: 4/30 MP: 3/3
  1683 | D:2      | Reached XP level 4. HP: 32/37 MP: 4/4
  2073 | D:3      | Found a transporter.
  2086 | D:2      | Reached XP level 5. HP: 11/43 MP: 5/5
  2558 | D:3      | Noticed a kobold brigand
  2882 | D:3      | Found a transporter.
  3435 | D:3      | Killed a kobold brigand
  3469 | D:3      | Reached XP level 6. HP: 50/50 MP: 6/6
  3505 | D:3      | Found a faded altar of an unknown god.
  3583 | D:3      | Found a snail-covered altar of Cheibriados.
  3598 | D:3      | Became a worshipper of Cheibriados the Contemplative
  3642 | D:3      | Found a one-way gate to the infinite horrors of the Abyss.
  3642 | D:3      | Noticed Stajl's ghost (amateur TrFi)
  3729 | D:3      | Reached skill level 5 in Fighting
  3942 | D:3      | Reached skill level 5 in Maces & Flails
  3942 | D:3      | Reached skill level 5 in Armour
  4485 | D:4      | Found an opulent altar of Gozag.
  4581 | D:4      | Reached XP level 7. HP: 55/56 MP: 7/7
  5018 | D:3      | Killed Stajl's ghost
  5018 | D:3      | Reached * piety under Cheibriados
  5019 | D:3      | Reached skill level 5 in Shields
  5072 | D:3      | Slain by a kobold brigand

Illustrated notes

Levels and vault maps discovered:
D:1:      dpeg_arrival_rooms_b, layout_rooms
D:2:      layout_loops_cross
D:3:      layout_rooms, mainiacjoe_overflow_alcove_4,
          gammafunk_ghost_abyssal_escape,
          dreamdust_ecumenical_altar_hidden_monk_grotto
D:4:      layout_loops_corners, grunt_gozag_statues

Skill      XL: |  1  2  3  4  5  6  7 |
---------------+----------------------+-----
Fighting       | 4 5 |  5.5
Maces & Flails | 3 4 5 |  5.6
Armour         | 4 5 |  5.5
Shields        | 4 5 |  5.0

Action                   |  1- 3 |  4- 6 |  7- 9 || total
-------------------------+-------+-------+-------++-------
Melee: Flail             |   101 |    76 |       ||   177
       Whip              |       |    75 |    18 ||    93
 Abil: Hop               |       |     3 |     1 ||     4
  Use: Scroll            |     4 |     1 |     1 ||     6
       Potion            |     1 |     2 |     1 ||     4
Armor: Scale mail        |    60 |    73 |     3 ||   136
Dodge: Dodged            |    25 |    54 |     2 ||    81
Block: Kite shield       |    59 |   108 |     6 ||   173
